WCHLSIM.com - West Coast Hockey League
Teams
League projects
html PUBLIC "-//W3C//DTD XHTML 1.0 Transitional//EN" "http://www.w3.org/TR/xhtml1/DTD/xhtml1-transitional.dtd"> WCHL - Game 465 - LAS VEGAS LIZARD KINGS vs VANCOUVER VOODOO

LAS VEGAS LIZARD KINGS vs VANCOUVER VOODOO

Created - 19 décembre 2024 at 16:02

Goals
1 2 3 T
LAS VEGAS LIZARD KINGS 1 2 2 5
VANCOUVER VOODOO 0 1 0 1
Shots
1 2 3 T
LAS VEGAS LIZARD KINGS 10 9 18 37
VANCOUVER VOODOO 6 18 9 33

1st period

1. LAS VEGAS LIZARD KINGS , Nazem Kadri 11 (Johnny Gaudreau 16, Sergei Bobrovsky) at 6:57 (PP)

Penalties :
Barclay Goodrow (VAN) for Cross-checking (Minor) at 6:04

2nd period

2. LAS VEGAS LIZARD KINGS , Ryan Nugent-Hopkins 8 (Brandon Hagel 13, Matt Roy 10) at 7:34
3. VANCOUVER VOODOO , Joel Armia 5 (Evander Kane 8, Joshua Norris 15) at 8:36 (PP)
4. LAS VEGAS LIZARD KINGS , Brandon Hagel 8 (Joe Pavelski 13, Kevin Shattenkirk 4) at 12:12 (PP)

Penalties :
Ryan Suter (LVG) for Tripping (Minor) at 0:15, Luke Glendening (LVG) for Hooking (Minor) at 8:02, Barclay Goodrow (VAN) for Roughing (Minor) at 11:39, Braden Schneider (VAN) for Roughing (Minor) at 13:03, Ryan Nugent-Hopkins (LVG) for Roughing (Minor) at 13:03, Luke Kunin (VAN) for Holding (Minor) at 16:08, Jordan Greenway (LVG) for Holding (Minor) at 16:08

3rd period

5. LAS VEGAS LIZARD KINGS , Brandon Hagel 9 (Joe Pavelski 14) at 3:40
6. LAS VEGAS LIZARD KINGS , Brandon Hagel 10 (Joe Pavelski 15) at 4:43 (PP)

Penalties :
Nils Hoglander (VAN) for Hooking (Minor) at 1:13, Joshua Norris (VAN) for Hooking (Minor) at 4:41, Chris Tanev (VAN) for High sticking (Minor) at 11:32, Nicolas Hague (VAN) for Hooking (Minor) at 14:18

Goalie Stats

Sergei Bobrovsky (LVG), 32 saves from 33 shots - (0,970), W, 13-14-1, 60:00 minutes
Filip Gustavsson (VAN), 18 saves from 22 shots - (0,818), L, 6-8-2, 43:40 minutes
Michael DiPietro (VAN), 14 saves from 15 shots - (0,933), 16:20 minutes

Players Stats for LAS VEGAS LIZARD KINGS

Player Name              G  A  P  +/- PIM S  H  SB GA TA FO     MP     PP MP  PK MP  
------------------------------------------------------------------------------------
Brandon Hagel            3  1  4   2  0   6  1  1  0  0  0/2    23:49   3:23   0:41 
Brayden McNabb           0  0  0   1  0   1  0  3  0  0  0/0    20:14   0:00   1:02 
Dmitry Kulikov           0  0  0   0  0   0  2  0  0  0  0/0     6:25   0:00   1:31 
Drew O'Connor            0  0  0   0  0   0  0  0  0  0  0/0     5:03   0:00   0:11 
Evan Rodrigues           0  0  0   0  0   0  2  0  0  0  0/0    19:11   4:02   0:00 
Joe Pavelski             0  3  3   2  0   2  2  0  0  0  21/36  23:08   3:23   0:00 
John Marino              0  0  0   0  0   0  0  0  0  0  0/0    15:08   0:00   0:00 
Johnny Gaudreau          0  1  1   0  0   2  0  0  0  0  0/2    19:45   4:02   0:00 
Jordan Greenway          0  0  0   0  2   1  2  0  0  0  0/1    12:35   0:00   1:52 
Kevin Shattenkirk        0  1  1   0  0   0  1  0  0  0  0/0    14:17   4:03   0:00 
Luke Glendening          0  0  0   0  2   2  3  0  0  0  2/3    17:35   3:23   0:41 
Matt Roy                 0  1  1   1  0   2  3  2  0  0  0/0    20:35   3:22   1:31 
Nazem Kadri              1  0  1   0  0   7  1  0  0  0  15/24  19:45   4:02   0:00 
Ryan McDonagh            0  0  0   1  0   4  1  0  0  0  0/0    24:17   4:03   1:02 
Ryan Nugent-Hopkins      1  0  1   2  2   4  0  0  0  0  0/0    16:20   0:00   0:00 
Ryan Suter               0  0  0   1  2   2  0  1  0  0  0/0    19:03   3:22   0:00 
Vladislav Namestnikov    0  0  0   0  0   4  0  0  0  0  7/14   12:25   0:00   1:41 
Zemgus Girgensons        0  0  0   0  0   0  2  0  0  0  5/6     3:50   0:00   0:00 

Players Stats for VANCOUVER VOODOO

Player Name              G  A  P  +/- PIM S  H  SB GA TA FO     MP     PP MP  PK MP  
------------------------------------------------------------------------------------
Alex Newhook             0  0  0   0  0   4  0  0  0  0  0/4    16:00   0:58   0:39 
Barclay Goodrow          0  0  0   0  4   3  1  0  0  0  11/18  15:27   0:00   3:58 
Braden Schneider         0  0  0  -1  2   1  3  2  0  0  0/0    18:40   1:01   0:00 
Chris Tanev              0  0  0  -1  2   1  0  3  0  0  0/0    19:21   0:00   3:03 
Damon Severson           0  0  0  -1  0   2  1  1  0  0  0/0    20:07   1:01   3:23 
Evander Kane             0  1  1   0  0   5  2  0  0  0  1/1    13:06   1:35   0:00 
Jack McBain              0  0  0   0  0   0  0  0  0  0  2/10   10:40   0:00   2:01 
Joel Armia               1  0  1  -2  0   3  2  0  0  0  1/3    19:27   1:35   0:00 
Jonathan Drouin          0  0  0  -2  0   4  1  1  0  0  1/2    17:20   0:58   0:04 
Jordan Harris            0  0  0  -1  0   1  0  2  0  0  0/0    20:29   1:32   2:20 
Joshua Norris            0  1  1  -2  2   2  2  0  0  0  8/18   17:03   1:35   0:00 
Luke Kunin               0  0  0   0  2   3  0  0  0  0  1/4    14:08   0:00   1:52 
Michael Pezzetta         0  0  0   0  0   0  1  0  0  0  0/1     6:16   0:00   0:00 
Nick Bonino              0  0  0   0  0   1  0  0  0  0  13/27  17:03   0:00   4:15 
Nicolas Hague            0  0  0   0  2   1  0  0  0  0  0/0    20:38   0:00   2:41 
Nils Hoglander           0  0  0   0  2   0  5  0  0  0  0/0    13:45   0:58   0:00 
Rafael Harvey-Pinard     0  0  0   0  0   2  0  0  0  0  0/0     8:17   0:00   2:01 
Simon Nemec              0  0  0   0  0   0  3  1  0  0  0/0    20:42   1:32   3:23 

3 Stars

1 - Brandon Hagel (LVG)
2 - Joe Pavelski (LVG)
3 - Sergei Bobrovsky (LVG)

Power Play

LAS VEGAS LIZARD KINGS - 3 on 6 Attempt(s) - 50,00%
VANCOUVER VOODOO - 1 on 2 Attempt(s) - 50,00%

Penalty Kill

LAS VEGAS LIZARD KINGS - 1 on 2 Attempt(s) - 50,00% - Score 0 goal in Penalty Kill
VANCOUVER VOODOO - 3 on 6 Attempt(s) - 50,00% - Score 0 goal in Penalty Kill

Team Stat

LAS VEGAS LIZARD KINGS - Hits : 20 - Faceoff Wins : 50 - Blocked Shots : 7 - Penalty Minutes : 8
VANCOUVER VOODOO - Hits : 21 - Faceoff Wins : 38 - Blocked Shots : 10 - Penalty Minutes : 16

Official

Referees : Mike Duco and Mitch Dunning
Linesman : Brad Kovachik and Colin Gates

Game Notes

Michael DiPietro enters game at 3:40 of 3rd period
Brandon Hagel has scored a Hat Trick!

Finance

Level 1 -- Attendance: 7113 (98,79%) -- Ticket Income 1 031 385 $
Level 2 -- Attendance: 5500 (100,00%) -- Ticket Income 550 000 $
Level 3 -- Attendance: 2996 (99,87%) -- Ticket Income 203 728 $
Level 4 -- Attendance: 5229 (87,15%) -- Ticket Income 250 992 $
Luxury Box -- Attendance: 1000 (100,00%) -- Ticket Income 300 000 $
Total Attendance: 21838 (96,20%)
Total Ticket Income: 2 336 105 $
Other Expense: 23 361 $
Total Income: 2 312 744 $

LAS VEGAS LIZARD KINGS

5 vs 5 Forward 
   Center                   Left Wing                Right Wing               Time % Phy DF OF 
 1 Joe Pavelski             Brandon Hagel            Ryan Nugent-Hopkins      36     0   2  3  
 2 Nazem Kadri              Johnny Gaudreau          Evan Rodrigues           31     0   2  3  
 3 Vladislav Namestnikov    Jordan Greenway          Luke Glendening          23     1   2  2  
 4 Zemgus Girgensons        Drew O'Connor            Luke Glendening          10     1   2  2  

5 vs 5 Defense 
   Defense                  Defense                                           Time % Phy DF OF 
 1 Ryan McDonagh            Brayden McNabb                                    36     1   2  2  
 2 Matt Roy                 Ryan Suter                                        31     1   2  2  
 3 John Marino              Kevin Shattenkirk                                 23     1   2  2  
 4 John Marino              Dmitry Kulikov                                    10     1   2  2  

PowerPlay Forward 
   Center                   Left Wing                Right Wing               Time % Phy DF OF 
 1 Joe Pavelski             Brandon Hagel            Luke Glendening          55     1   2  2  
 2 Nazem Kadri              Johnny Gaudreau          Evan Rodrigues           45     1   2  2  

PowerPlay Defense
   Defense                  Defense                                           Time % Phy DF OF 
 1 Ryan McDonagh            Kevin Shattenkirk                                 55     1   2  2  
 2 Matt Roy                 Ryan Suter                                        45     1   2  2  

Penalty Kill 4 Players Forward 
   Center                   Wing                     Time % Phy DF OF 
 1 Vladislav Namestnikov    Jordan Greenway          55     1   2  2  
 2 Luke Glendening          Brandon Hagel            45     1   2  2  

Penalty Kill 4 Players Defense
   Defense                  Defense                  Time % Phy DF OF 
 1 Ryan McDonagh            Brayden McNabb           55     1   2  2  
 2 Matt Roy                 Dmitry Kulikov           45     1   2  2  

Penalty Kill - 3 Players Forward 
   Forward                                           Time % Phy DF OF 
 1 Brandon Hagel                                     55     1   2  2  
 2 Luke Glendening                                   45     1   2  2  

Penalty Kill - 3 Players Defense
   Defense                  Defense                  Time % Phy DF OF 
 1 Ryan McDonagh            Brayden McNabb           55     1   2  2  
 2 Matt Roy                 Dmitry Kulikov           45     1   2  2  

4 vs 4 Forward 
   Center                   Wing                     Time % Phy DF OF 
 1 Joe Pavelski             Brandon Hagel            55     1   2  2  
 2 Nazem Kadri              Johnny Gaudreau          45     1   2  2  

4 vs 4 Defense
   Defense                  Defense                  Time % Phy DF OF 
 1 Ryan McDonagh            Brayden McNabb           55     1   2  2  
 2 Matt Roy                 Ryan Suter               45     1   2  2  

Last Minutes Offensive
   Center                   Left Wing                Right Wing               Defense                  Defense                  
   Joe Pavelski             Brandon Hagel            Ryan Nugent-Hopkins      Ryan McDonagh            Brayden McNabb           

Last Minutes Defensive
   Center                   Left Wing                Right Wing               Defense                  Defense                  
   Luke Glendening          Jordan Greenway          Ryan Nugent-Hopkins      Ryan McDonagh            Brayden McNabb           

Goaltenders
Starting : Sergei Bobrovsky         
Backup : Kaapo Kahkonen           

Extra Forwards
Normal : Brandon Hagel, Vladislav Namestnikov, Drew O'Connor - PP : Brandon Hagel, Vladislav Namestnikov - PK : Drew O'Connor
Extra Defensemen
Normal : John Marino, Kevin Shattenkirk, Dmitry Kulikov - PP : John Marino - PK : Kevin Shattenkirk, Dmitry Kulikov
Penalty Shots
Brandon Hagel, Joe Pavelski, Johnny Gaudreau, Vladislav Namestnikov, Nazem Kadri
Custom OT Lines Forwards
Ryan Nugent-Hopkins, Joe Pavelski, Nazem Kadri, Brandon Hagel, Johnny Gaudreau, Jordan Greenway, Vladislav Namestnikov, Evan Rodrigues, Drew O'Connor, Luke Glendening
Custom OT Lines Defensemen
Ryan McDonagh, Brayden McNabb, Matt Roy, Ryan Suter, John Marino

Scratches
None

VANCOUVER VOODOO

5 vs 5 Forward 
   Center                   Left Wing                Right Wing               Time % Phy DF OF 
 1 Joshua Norris            Jonathan Drouin          Joel Armia               34     1   1  3  
 2 Nick Bonino              Alex Newhook             Nils Hoglander           31     1   2  2  
 3 Barclay Goodrow          Evander Kane             Luke Kunin               26     2   2  1  
 4 Jack McBain              Rafael Harvey-Pinard     Michael Pezzetta         9      3   1  1  

5 vs 5 Defense 
   Defense                  Defense                                           Time % Phy DF OF 
 1 Damon Severson           Chris Tanev                                       35     1   2  2  
 2 Braden Schneider         Nicolas Hague                                     35     2   1  2  
 3 Jordan Harris            Simon Nemec                                       30     3   1  1  
 4 Braden Schneider         Jordan Harris                                     0      1   2  2  

PowerPlay Forward 
   Center                   Left Wing                Right Wing               Time % Phy DF OF 
 1 Joshua Norris            Evander Kane             Joel Armia               53     1   1  3  
 2 Alex Newhook             Jonathan Drouin          Nils Hoglander           47     2   1  2  

PowerPlay Defense
   Defense                  Defense                                           Time % Phy DF OF 
 1 Braden Schneider         Damon Severson                                    53     1   1  3  
 2 Simon Nemec              Jordan Harris                                     47     1   2  2  

Penalty Kill 4 Players Forward 
   Center                   Wing                     Time % Phy DF OF 
 1 Nick Bonino              Barclay Goodrow          60     1   4  0  
 2 Jack McBain              Rafael Harvey-Pinard     40     2   2  1  

Penalty Kill 4 Players Defense
   Defense                  Defense                  Time % Phy DF OF 
 1 Nicolas Hague            Chris Tanev              53     2   3  0  
 2 Damon Severson           Simon Nemec              47     1   3  1  

Penalty Kill - 3 Players Forward 
   Forward                                           Time % Phy DF OF 
 1 Nick Bonino                                       55     1   4  0  
 2 Barclay Goodrow                                   45     2   3  0  

Penalty Kill - 3 Players Defense
   Defense                  Defense                  Time % Phy DF OF 
 1 Nicolas Hague            Chris Tanev              52     1   4  0  
 2 Simon Nemec              Braden Schneider         48     1   3  1  

4 vs 4 Forward 
   Center                   Wing                     Time % Phy DF OF 
 1 Jack McBain              Joel Armia               51     1   2  2  
 2 Alex Newhook             Luke Kunin               49     2   1  2  

4 vs 4 Defense
   Defense                  Defense                  Time % Phy DF OF 
 1 Nicolas Hague            Jordan Harris            52     1   2  2  
 2 Simon Nemec              Chris Tanev              48     1   2  2  

Last Minutes Offensive
   Center                   Left Wing                Right Wing               Defense                  Defense                  
   Joshua Norris            Jonathan Drouin          Joel Armia               Damon Severson           Chris Tanev              

Last Minutes Defensive
   Center                   Left Wing                Right Wing               Defense                  Defense                  
   Nick Bonino              Barclay Goodrow          Luke Kunin               Chris Tanev              Braden Schneider         

Goaltenders
Starting : Filip Gustavsson         
Backup : Michael DiPietro         

Extra Forwards
Normal : Jonathan Drouin, Alex Newhook, Luke Kunin - PP : Luke Kunin, Joel Armia - PK : Luke Kunin
Extra Defensemen
Normal : Damon Severson, Chris Tanev, Jordan Harris - PP : Braden Schneider - PK : Jordan Harris, Damon Severson
Penalty Shots
Jonathan Drouin, Joel Armia, Joshua Norris, Alex Newhook, Evander Kane
Custom OT Lines Forwards
Jonathan Drouin, Joshua Norris, Alex Newhook, Nick Bonino, Evander Kane, Joel Armia, Luke Kunin, Barclay Goodrow, Nils Hoglander, Rafael Harvey-Pinard
Custom OT Lines Defensemen
Chris Tanev, Damon Severson, Nicolas Hague, Jordan Harris, Braden Schneider

Scratches
Sean Couturier (Strained Back Injury), Kirby Dach (Healthy), Samuel Montembeault (Sore Right Knee Injury)

% Time on Ice - LAS VEGAS LIZARD KINGS

Lines # - Real PCT - Wanted PCT - Time Play
Normal Forward
1 - 35% - 36% - 16:21
2 - 33% - 31% - 15:09
3 - 23% - 23% - 10:44
4 - 8% - 10% - 3:50
Normal Defense
1 - 35% - 36% - 16:09
2 - 32% - 31% - 14:47
3 - 22% - 23% - 10:14
4 - 11% - 10% - 4:54
PP Forward
1 - 46% - 55% - 3:23
2 - 54% - 45% - 4:02
PP Defense
1 - 55% - 55% - 4:03
2 - 45% - 45% - 3:22
PK Forward
1 - 73% - 55% - 1:52
2 - 27% - 45% - 0:41
PK Defense
1 - 41% - 55% - 1:02
2 - 59% - 45% - 1:31
PK3 Forward
1 - 0% - 55%
2 - 0% - 45%
PK3 Defense
1 - 0% - 55%
2 - 0% - 45%
44 Forward
1 - 86% - 55% - 3:24
2 - 14% - 45% - 0:34
44 Defense
1 - 77% - 55% - 3:03
2 - 23% - 45% - 0:55
Last Minute Offensive  - 0:00
Last Minute Defensive  - 0:00
Total
Forward - 60:00
Defense - 60:00

% Time on Ice - VANCOUVER VOODOO

Lines # - Real PCT - Wanted PCT - Time Play
Normal Forward
1 - 34% - 34% - 15:29
2 - 28% - 31% - 12:48
3 - 25% - 26% - 11:31
4 - 14% - 9% - 6:16
Normal Defense
1 - 34% - 35% - 15:43
2 - 34% - 35% - 15:51
3 - 30% - 30% - 13:56
4 - 1% - 0% - 0:34
PP Forward
1 - 62% - 53% - 1:35
2 - 38% - 47% - 0:58
PP Defense
1 - 40% - 53% - 1:01
2 - 60% - 47% - 1:32
PK Forward
1 - 73% - 60% - 5:24
2 - 27% - 40% - 2:01
PK Defense
1 - 54% - 53% - 4:02
2 - 46% - 47% - 3:23
PK3 Forward
1 - 0% - 55%
2 - 0% - 45%
PK3 Defense
1 - 0% - 52%
2 - 0% - 48%
44 Forward
1 - 60% - 51% - 2:23
2 - 40% - 49% - 1:35
44 Defense
1 - 53% - 52% - 2:07
2 - 47% - 48% - 1:51
Last Minute Offensive  - 0:00
Last Minute Defensive  - 0:00
Total
Forward - 60:00
Defense - 60:00

Play-by-Play

1st period


0:01 of 1st period - Joshua Norris wins face-off versus Brandon Hagel in neutral zone.
1:06 of 1st period - Nazem Kadri is hit by Damon Severson and loses puck.
1:49 of 1st period - Icing by Kevin Shattenkirk.
1:50 of 1st period - Nick Bonino wins face-off versus Vladislav Namestnikov in LAS VEGAS LIZARD KINGS zone.
1:53 of 1st period - Shot by Nick Bonino.
1:53 of 1st period - Shot Misses the Net.
2:01 of 1st period - Shot by Vladislav Namestnikov.
2:01 of 1st period - Stopped by Filip Gustavsson without a rebound.
2:02 of 1st period - Joe Pavelski wins face-off versus Luke Kunin in VANCOUVER VOODOO zone.
2:26 of 1st period - Off-side.
2:27 of 1st period - Zemgus Girgensons wins face-off versus Nick Bonino in neutral zone.
2:37 of 1st period - Drew O'Connor is hit by Braden Schneider and loses puck.
2:53 of 1st period - Icing by Nick Bonino.
2:54 of 1st period - Nazem Kadri wins face-off versus Nick Bonino in VANCOUVER VOODOO zone.
3:34 of 1st period - Shot by Nazem Kadri.
3:34 of 1st period - Stopped by Filip Gustavsson without a rebound.
3:35 of 1st period - Barclay Goodrow wins face-off versus Vladislav Namestnikov in VANCOUVER VOODOO zone.
3:44 of 1st period - Shot by Evander Kane.
3:44 of 1st period - Shot Misses the Net.
3:50 of 1st period - Shot by Luke Kunin.
3:50 of 1st period - Stopped by Sergei Bobrovsky without a rebound.
3:51 of 1st period - Joe Pavelski wins face-off versus Michael Pezzetta in LAS VEGAS LIZARD KINGS zone.
3:51 of 1st period - Joe Pavelski is hit by Michael Pezzetta.
3:56 of 1st period - Off-side.
3:57 of 1st period - Vladislav Namestnikov wins face-off versus Jack McBain in neutral zone.
4:00 of 1st period - Jack McBain is hit by Jordan Greenway and loses puck.
4:38 of 1st period - Shot by Vladislav Namestnikov.
4:38 of 1st period - Shot Misses the Net.
4:48 of 1st period - Shot by Ryan Nugent-Hopkins.
4:48 of 1st period - Shot Blocked by Simon Nemec.
4:50 of 1st period - Shot by Joe Pavelski.
4:50 of 1st period - Shot Blocked by Jordan Harris.
4:52 of 1st period - Shot by Ryan McDonagh.
4:52 of 1st period - Stopped by Filip Gustavsson without a rebound.
4:53 of 1st period - Barclay Goodrow wins face-off versus Joe Pavelski in VANCOUVER VOODOO zone.
5:00 of 1st period - Shot by Brandon Hagel.
5:00 of 1st period - Shot Blocked by Braden Schneider.
5:02 of 1st period - Shot by Ryan McDonagh.
5:02 of 1st period - Stopped by Filip Gustavsson without a rebound.
5:03 of 1st period - Nick Bonino wins face-off versus Nazem Kadri in VANCOUVER VOODOO zone.
5:13 of 1st period - Nick Bonino is hit by Nazem Kadri and loses puck.
5:28 of 1st period - Shot by Nazem Kadri.
5:28 of 1st period - Shot Misses the Net.
6:01 of 1st period - Icing by Ryan Nugent-Hopkins.
6:02 of 1st period - Joe Pavelski wins face-off versus Luke Kunin in LAS VEGAS LIZARD KINGS zone.
6:04 of 1st period - Minor Penalty to Barclay Goodrow for Cross-checking.
6:05 of 1st period - Joe Pavelski wins face-off versus Nick Bonino in VANCOUVER VOODOO zone.
6:28 of 1st period - Luke Kunin is hit by Luke Glendening and loses puck.
6:45 of 1st period - Shot by Joe Pavelski.
6:45 of 1st period - Shot Misses the Net.
6:47 of 1st period - Shot by Ryan Suter.
6:47 of 1st period - Stopped by Filip Gustavsson without a rebound.
6:48 of 1st period - Nick Bonino wins face-off versus Nazem Kadri in VANCOUVER VOODOO zone.
6:57 of 1st period - Shot by Nazem Kadri.
6:57 of 1st period - Goal by Nazem Kadri - LAS VEGAS LIZARD KINGS : 1 - VANCOUVER VOODOO : 0.
6:58 of 1st period - Joshua Norris wins face-off versus Nazem Kadri in neutral zone.
7:03 of 1st period - Shot by Joshua Norris.
7:03 of 1st period - Stopped by Sergei Bobrovsky without a rebound.
7:04 of 1st period - Nazem Kadri wins face-off versus Joshua Norris in LAS VEGAS LIZARD KINGS zone.
7:04 of 1st period - Nazem Kadri is hit by Joshua Norris.
7:28 of 1st period - Shot by Joshua Norris.
7:28 of 1st period - Shot Blocked by Brayden McNabb.
7:44 of 1st period - Shot by Joshua Norris.
7:44 of 1st period - Shot Misses the Net.
8:35 of 1st period - Shot by Luke Kunin.
8:35 of 1st period - Shot Misses the Net.
8:51 of 1st period - Brayden McNabb is hit by Nils Hoglander and loses puck.
9:01 of 1st period - Shot by Alex Newhook.
9:01 of 1st period - Shot Misses the Net.
9:09 of 1st period - Shot by Alex Newhook.
9:09 of 1st period - Stopped by Sergei Bobrovsky without a rebound.
9:10 of 1st period - Jack McBain wins face-off versus Joe Pavelski in LAS VEGAS LIZARD KINGS zone.
9:17 of 1st period - Shot by Joe Pavelski.
9:17 of 1st period - Shot Blocked by Braden Schneider.
9:40 of 1st period - Shot by Rafael Harvey-Pinard.
9:40 of 1st period - Shot Blocked by Ryan Suter.
9:42 of 1st period - Shot by Braden Schneider.
9:42 of 1st period - Stopped by Sergei Bobrovsky with a rebound.
10:01 of 1st period - Shot by Joshua Norris.
10:01 of 1st period - Stopped by Sergei Bobrovsky without a rebound.
10:02 of 1st period - Barclay Goodrow wins face-off versus Luke Glendening in LAS VEGAS LIZARD KINGS zone.
10:05 of 1st period - Shot by Evander Kane.
10:05 of 1st period - Shot Misses the Net.
10:11 of 1st period - Luke Kunin is hit by Luke Glendening.
10:23 of 1st period - Shot by Luke Glendening.
10:23 of 1st period - Stopped by Filip Gustavsson with a rebound.
11:14 of 1st period - Shot by Joe Pavelski.
11:14 of 1st period - Shot Blocked by Chris Tanev.
11:58 of 1st period - Icing by Nick Bonino.
11:59 of 1st period - Nick Bonino wins face-off versus Nazem Kadri in VANCOUVER VOODOO zone.
13:47 of 1st period - Jordan Greenway is hit by Braden Schneider.
14:01 of 1st period - Shot by Vladislav Namestnikov.
14:01 of 1st period - Stopped by Filip Gustavsson without a rebound.
14:02 of 1st period - Nazem Kadri wins face-off versus Jack McBain in VANCOUVER VOODOO zone.
15:35 of 1st period - Shot by Jordan Greenway.
15:35 of 1st period - Shot Blocked by Jordan Harris.
15:37 of 1st period - Shot by Luke Glendening.
15:37 of 1st period - Stopped by Filip Gustavsson without a rebound.
15:38 of 1st period - Zemgus Girgensons wins face-off versus Nick Bonino in VANCOUVER VOODOO zone.
17:16 of 1st period - Icing by Nicolas Hague.
17:17 of 1st period - Joel Armia wins face-off versus Joe Pavelski in VANCOUVER VOODOO zone.
17:23 of 1st period - Jonathan Drouin is hit by Matt Roy and loses puck.
17:32 of 1st period - Shot by Jonathan Drouin.
17:32 of 1st period - Shot Misses the Net.
17:34 of 1st period - Shot by Joel Armia.
17:34 of 1st period - Stopped by Sergei Bobrovsky without a rebound.
17:35 of 1st period - Luke Glendening wins face-off versus Barclay Goodrow in LAS VEGAS LIZARD KINGS zone.
17:46 of 1st period - Shot by Brayden McNabb.
17:46 of 1st period - Stopped by Filip Gustavsson with a rebound.
18:38 of 1st period - Luke Kunin is hit by Joe Pavelski and loses puck.
19:01 of 1st period - Icing by Brandon Hagel.
19:02 of 1st period - Joe Pavelski wins face-off versus Joshua Norris in LAS VEGAS LIZARD KINGS zone.
19:02 of 1st period - Joe Pavelski is hit by Joel Armia.
19:43 of 1st period - Shot by Joel Armia.
19:43 of 1st period - Shot Blocked by Brandon Hagel.
Goals for this period are 1 for LAS VEGAS LIZARD KINGS vs 0 for VANCOUVER VOODOO.
Shots for this period are 10 for LAS VEGAS LIZARD KINGS vs 6 for VANCOUVER VOODOO.

2nd period


0:01 of 2nd period - Nick Bonino wins face-off versus Vladislav Namestnikov in neutral zone.
0:03 of 2nd period - Alex Newhook is hit by Matt Roy and loses puck.
0:07 of 2nd period - Icing by Vladislav Namestnikov.
0:08 of 2nd period - Vladislav Namestnikov wins face-off versus Nick Bonino in LAS VEGAS LIZARD KINGS zone.
0:15 of 2nd period - Minor Penalty to Ryan Suter for Tripping.
0:16 of 2nd period - Vladislav Namestnikov wins face-off versus Joshua Norris in LAS VEGAS LIZARD KINGS zone.
0:38 of 2nd period - Shot by Evander Kane.
0:38 of 2nd period - Shot Hit the Post.
0:44 of 2nd period - Shot by Evander Kane.
0:44 of 2nd period - Stopped by Sergei Bobrovsky without a rebound.
0:45 of 2nd period - Luke Glendening wins face-off versus Alex Newhook in LAS VEGAS LIZARD KINGS zone.
0:45 of 2nd period - Luke Glendening is hit by Nils Hoglander.
1:13 of 2nd period - Shot by Jonathan Drouin.
1:13 of 2nd period - Stopped by Sergei Bobrovsky with a rebound.
2:57 of 2nd period - Shot by Nazem Kadri.
2:57 of 2nd period - Stopped by Filip Gustavsson with a rebound.
2:59 of 2nd period - Shot by Nazem Kadri.
2:59 of 2nd period - Shot Blocked by Chris Tanev.
3:19 of 2nd period - Rafael Harvey-Pinard is hit by Joe Pavelski.
3:41 of 2nd period - Shot by Ryan Nugent-Hopkins.
3:41 of 2nd period - Stopped by Filip Gustavsson without a rebound.
3:42 of 2nd period - Joshua Norris wins face-off versus Jordan Greenway in VANCOUVER VOODOO zone.
3:47 of 2nd period - Shot by Jonathan Drouin.
3:47 of 2nd period - Shot Blocked by Brayden McNabb.
4:52 of 2nd period - John Marino is hit by Nils Hoglander.
5:07 of 2nd period - Shot by Nazem Kadri.
5:07 of 2nd period - Stopped by Filip Gustavsson without a rebound.
5:08 of 2nd period - Barclay Goodrow wins face-off versus Brandon Hagel in VANCOUVER VOODOO zone.
5:25 of 2nd period - Shot by Barclay Goodrow.
5:25 of 2nd period - Stopped by Sergei Bobrovsky without a rebound.
5:26 of 2nd period - Zemgus Girgensons wins face-off versus Nick Bonino in LAS VEGAS LIZARD KINGS zone.
5:26 of 2nd period - Zemgus Girgensons is hit by Nils Hoglander.
5:38 of 2nd period - Braden Schneider is hit by Zemgus Girgensons and loses puck.
5:59 of 2nd period - Shot by Alex Newhook.
5:59 of 2nd period - Stopped by Sergei Bobrovsky without a rebound.
6:00 of 2nd period - Joshua Norris wins face-off versus Joe Pavelski in LAS VEGAS LIZARD KINGS zone.
6:29 of 2nd period - Shot by Jonathan Drouin.
6:29 of 2nd period - Stopped by Sergei Bobrovsky without a rebound.
6:30 of 2nd period - Nazem Kadri wins face-off versus Barclay Goodrow in LAS VEGAS LIZARD KINGS zone.
6:40 of 2nd period - Shot by Luke Kunin.
6:40 of 2nd period - Stopped by Sergei Bobrovsky without a rebound.
6:41 of 2nd period - Nick Bonino wins face-off versus Vladislav Namestnikov in LAS VEGAS LIZARD KINGS zone.
6:42 of 2nd period - Shot by Alex Newhook.
6:42 of 2nd period - Stopped by Sergei Bobrovsky without a rebound.
6:43 of 2nd period - Vladislav Namestnikov wins face-off versus Alex Newhook in LAS VEGAS LIZARD KINGS zone.
7:01 of 2nd period - Nils Hoglander is hit by Ryan McDonagh and loses puck.
7:04 of 2nd period - Shot by Nick Bonino.
7:04 of 2nd period - Stopped by Sergei Bobrovsky without a rebound.
7:05 of 2nd period - Joshua Norris wins face-off versus Joe Pavelski in LAS VEGAS LIZARD KINGS zone.
7:22 of 2nd period - Shot by Ryan Nugent-Hopkins.
7:22 of 2nd period - Shot Misses the Net.
7:34 of 2nd period - Shot by Ryan Nugent-Hopkins.
7:34 of 2nd period - Goal by Ryan Nugent-Hopkins - LAS VEGAS LIZARD KINGS : 2 - VANCOUVER VOODOO : 0.
7:35 of 2nd period - Nick Bonino wins face-off versus Vladislav Namestnikov in neutral zone.
8:02 of 2nd period - Minor Penalty to Luke Glendening for Hooking.
8:03 of 2nd period - Joshua Norris wins face-off versus Vladislav Namestnikov in LAS VEGAS LIZARD KINGS zone.
8:13 of 2nd period - Joshua Norris is hit by Matt Roy and loses puck.
8:22 of 2nd period - Shot by Simon Nemec.
8:22 of 2nd period - Shot Blocked by Matt Roy.
8:36 of 2nd period - Shot by Joel Armia.
8:36 of 2nd period - Goal by Joel Armia - LAS VEGAS LIZARD KINGS : 2 - VANCOUVER VOODOO : 1.
8:37 of 2nd period - Nick Bonino wins face-off versus Joe Pavelski in neutral zone.
9:38 of 2nd period - Shot by Evander Kane.
9:38 of 2nd period - Stopped by Sergei Bobrovsky with a rebound.
9:40 of 2nd period - Shot by Damon Severson.
9:40 of 2nd period - Shot Blocked by Brayden McNabb.
9:42 of 2nd period - Shot by Evander Kane.
9:42 of 2nd period - Stopped by Sergei Bobrovsky without a rebound.
9:43 of 2nd period - Nazem Kadri wins face-off versus Joshua Norris in LAS VEGAS LIZARD KINGS zone.
9:43 of 2nd period - Nazem Kadri is hit by Jonathan Drouin.
9:52 of 2nd period - Nazem Kadri is hit by Simon Nemec.
10:07 of 2nd period - Johnny Gaudreau is hit by Simon Nemec.
10:51 of 2nd period - Icing by Kevin Shattenkirk.
10:52 of 2nd period - Vladislav Namestnikov wins face-off versus Nick Bonino in LAS VEGAS LIZARD KINGS zone.
11:26 of 2nd period - Off-side.
11:27 of 2nd period - Barclay Goodrow wins face-off versus Joe Pavelski in neutral zone.
11:34 of 2nd period - Shot by Evander Kane.
11:34 of 2nd period - Shot Misses the Net.
11:36 of 2nd period - Shot by Chris Tanev.
11:36 of 2nd period - Stopped by Sergei Bobrovsky without a rebound.
11:37 of 2nd period - Joe Pavelski wins face-off versus Barclay Goodrow in LAS VEGAS LIZARD KINGS zone.
11:37 of 2nd period - Ryan Nugent-Hopkins is hit by Evander Kane and loses puck.
11:39 of 2nd period - Minor Penalty to Barclay Goodrow for Roughing.
11:40 of 2nd period - Nazem Kadri wins face-off versus Nick Bonino in VANCOUVER VOODOO zone.
11:53 of 2nd period - Shot by Nazem Kadri.
11:53 of 2nd period - Stopped by Filip Gustavsson with a rebound.
11:55 of 2nd period - Shot by Matt Roy.
11:55 of 2nd period - Stopped by Filip Gustavsson without a rebound.
11:56 of 2nd period - Joe Pavelski wins face-off versus Nick Bonino in VANCOUVER VOODOO zone.
12:12 of 2nd period - Shot by Brandon Hagel.
12:12 of 2nd period - Goal by Brandon Hagel - LAS VEGAS LIZARD KINGS : 3 - VANCOUVER VOODOO : 1.
12:13 of 2nd period - Joshua Norris wins face-off versus Nazem Kadri in neutral zone.
12:26 of 2nd period - Shot by Jonathan Drouin.
12:26 of 2nd period - Stopped by Sergei Bobrovsky without a rebound.
12:27 of 2nd period - Barclay Goodrow wins face-off versus Joe Pavelski in LAS VEGAS LIZARD KINGS zone.
12:30 of 2nd period - Shot by Evander Kane.
12:30 of 2nd period - Stopped by Sergei Bobrovsky with a rebound.
12:32 of 2nd period - Shot by Barclay Goodrow.
12:32 of 2nd period - Shot Misses the Net.
12:34 of 2nd period - Shot by Barclay Goodrow.
12:34 of 2nd period - Stopped by Sergei Bobrovsky with a rebound.
12:42 of 2nd period - Shot by Barclay Goodrow.
12:42 of 2nd period - Stopped by Sergei Bobrovsky without a rebound.
12:43 of 2nd period - Nick Bonino wins face-off versus Vladislav Namestnikov in LAS VEGAS LIZARD KINGS zone.
12:52 of 2nd period - Nick Bonino is hit by Jordan Greenway and loses puck.
12:58 of 2nd period - Icing by Nicolas Hague.
12:59 of 2nd period - Joe Pavelski wins face-off versus Nick Bonino in VANCOUVER VOODOO zone.
13:03 of 2nd period - Minor Penalty to Braden Schneider for Roughing.
13:03 of 2nd period - Minor Penalty to Ryan Nugent-Hopkins for Roughing.
13:04 of 2nd period - Joe Pavelski wins face-off versus Jack McBain in VANCOUVER VOODOO zone.
13:27 of 2nd period - Shot by Brandon Hagel.
13:27 of 2nd period - Stopped by Filip Gustavsson with a rebound.
14:23 of 2nd period - Shot by Luke Kunin.
14:23 of 2nd period - Shot Misses the Net.
14:29 of 2nd period - Shot by Alex Newhook.
14:29 of 2nd period - Shot Blocked by Matt Roy.
14:31 of 2nd period - Shot by Jordan Harris.
14:31 of 2nd period - Stopped by Sergei Bobrovsky without a rebound.
14:32 of 2nd period - Nazem Kadri wins face-off versus Alex Newhook in LAS VEGAS LIZARD KINGS zone.
14:39 of 2nd period - Shot by Nazem Kadri.
14:39 of 2nd period - Shot Misses the Net.
14:41 of 2nd period - Shot by Ryan Suter.
14:41 of 2nd period - Stopped by Filip Gustavsson without a rebound.
14:42 of 2nd period - Joe Pavelski wins face-off versus Jack McBain in VANCOUVER VOODOO zone.
15:03 of 2nd period - Joel Armia is hit by Luke Glendening and loses puck.
15:14 of 2nd period - Icing by Nick Bonino.
15:15 of 2nd period - Nick Bonino wins face-off versus Nazem Kadri in VANCOUVER VOODOO zone.
15:15 of 2nd period - Nick Bonino is hit by Evan Rodrigues.
15:26 of 2nd period - Alex Newhook is hit by Dmitry Kulikov and loses puck.
15:40 of 2nd period - Nick Bonino is hit by Dmitry Kulikov and loses puck.
15:45 of 2nd period - Shot by Nick Bonino.
15:45 of 2nd period - Shot Misses the Net.
15:47 of 2nd period - Shot by Nils Hoglander.
15:47 of 2nd period - Shot Misses the Net.
16:08 of 2nd period - Minor Penalty to Luke Kunin for Holding.
16:08 of 2nd period - Minor Penalty to Jordan Greenway for Holding.
16:09 of 2nd period - Jack McBain wins face-off versus Joe Pavelski in neutral zone.
16:20 of 2nd period - Shot by Joel Armia.
16:20 of 2nd period - Stopped by Sergei Bobrovsky with a rebound.
16:25 of 2nd period - Icing by Ryan McDonagh.
16:26 of 2nd period - Joe Pavelski wins face-off versus Alex Newhook in LAS VEGAS LIZARD KINGS zone.
17:50 of 2nd period - Joel Armia is hit by Brandon Hagel and loses puck.
18:49 of 2nd period - Icing by Barclay Goodrow.
18:50 of 2nd period - Nazem Kadri wins face-off versus Barclay Goodrow in VANCOUVER VOODOO zone.
19:28 of 2nd period - Nick Bonino is hit by Evan Rodrigues and loses puck.
Goals for this period are 2 for LAS VEGAS LIZARD KINGS vs 1 for VANCOUVER VOODOO.
Shots for this period are 9 for LAS VEGAS LIZARD KINGS vs 18 for VANCOUVER VOODOO.

3rd period


0:01 of 3rd period - Joe Pavelski wins face-off versus Joshua Norris in neutral zone.
0:19 of 3rd period - Shot by Joel Armia.
0:19 of 3rd period - Shot Misses the Net.
0:21 of 3rd period - Shot by Jonathan Drouin.
0:21 of 3rd period - Shot Misses the Net.
0:23 of 3rd period - Shot by Nicolas Hague.
0:23 of 3rd period - Stopped by Sergei Bobrovsky without a rebound.
0:24 of 3rd period - Zemgus Girgensons wins face-off versus Nick Bonino in LAS VEGAS LIZARD KINGS zone.
0:24 of 3rd period - Zemgus Girgensons is hit by Nils Hoglander.
0:59 of 3rd period - Alex Newhook is hit by Zemgus Girgensons and loses puck.
1:13 of 3rd period - Minor Penalty to Nils Hoglander for Hooking.
1:14 of 3rd period - Luke Kunin wins face-off versus Nazem Kadri in VANCOUVER VOODOO zone.
1:59 of 3rd period - Icing by Ryan McDonagh.
2:00 of 3rd period - Nazem Kadri wins face-off versus Jack McBain in LAS VEGAS LIZARD KINGS zone.
2:07 of 3rd period - Shot by Johnny Gaudreau.
2:07 of 3rd period - Stopped by Filip Gustavsson with a rebound.
2:39 of 3rd period - Shot by Joe Pavelski.
2:39 of 3rd period - Stopped by Filip Gustavsson with a rebound.
3:17 of 3rd period - Shot by Joshua Norris.
3:17 of 3rd period - Shot Misses the Net.
3:38 of 3rd period - Icing by Braden Schneider.
3:39 of 3rd period - Joe Pavelski wins face-off versus Joshua Norris in VANCOUVER VOODOO zone.
3:40 of 3rd period - Shot by Brandon Hagel.
3:40 of 3rd period - Goal by Brandon Hagel - LAS VEGAS LIZARD KINGS : 4 - VANCOUVER VOODOO : 1.
3:40 of 3rd period - Michael DiPietro enters game.
3:41 of 3rd period - Nick Bonino wins face-off versus Nazem Kadri in neutral zone.
3:58 of 3rd period - Shot by Nick Bonino.
3:58 of 3rd period - Shot Misses the Net.
4:41 of 3rd period - Minor Penalty to Joshua Norris for Hooking.
4:42 of 3rd period - Joe Pavelski wins face-off versus Luke Kunin in VANCOUVER VOODOO zone.
4:43 of 3rd period - Shot by Brandon Hagel.
4:43 of 3rd period - Goal by Brandon Hagel - LAS VEGAS LIZARD KINGS : 5 - VANCOUVER VOODOO : 1.
4:44 of 3rd period - Joe Pavelski wins face-off versus Joshua Norris in neutral zone.
4:44 of 3rd period - Ryan Nugent-Hopkins is hit by Joel Armia and loses puck.
4:48 of 3rd period - Off-side.
4:49 of 3rd period - Joe Pavelski wins face-off versus Joel Armia in neutral zone.
4:51 of 3rd period - Off-side.
4:52 of 3rd period - Jonathan Drouin wins face-off versus Joe Pavelski in neutral zone.
4:55 of 3rd period - Ryan McDonagh is hit by Joshua Norris and loses puck.
5:01 of 3rd period - Icing by Brayden McNabb.
5:02 of 3rd period - Barclay Goodrow wins face-off versus Joe Pavelski in LAS VEGAS LIZARD KINGS zone.
5:05 of 3rd period - Shot by Evander Kane.
5:05 of 3rd period - Stopped by Sergei Bobrovsky without a rebound.
5:06 of 3rd period - Joe Pavelski wins face-off versus Joel Armia in LAS VEGAS LIZARD KINGS zone.
6:10 of 3rd period - Shot by Vladislav Namestnikov.
6:10 of 3rd period - Stopped by Michael DiPietro with a rebound.
6:26 of 3rd period - Shot by Jordan Greenway.
6:26 of 3rd period - Stopped by Michael DiPietro with a rebound.
6:31 of 3rd period - Icing by Nicolas Hague.
6:32 of 3rd period - Nazem Kadri wins face-off versus Joshua Norris in VANCOUVER VOODOO zone.
6:39 of 3rd period - Shot by Nazem Kadri.
6:39 of 3rd period - Deflect By Johnny Gaudreau.
6:39 of 3rd period - Shot Blocked by Jonathan Drouin.
6:52 of 3rd period - Shot by Johnny Gaudreau.
6:52 of 3rd period - Shot Misses the Net.
6:54 of 3rd period - Shot by Kevin Shattenkirk.
6:54 of 3rd period - Shot Misses the Net.
7:30 of 3rd period - Icing by Braden Schneider.
7:31 of 3rd period - Joshua Norris wins face-off versus Joe Pavelski in VANCOUVER VOODOO zone.
7:40 of 3rd period - Shot by Ryan Nugent-Hopkins.
7:40 of 3rd period - Stopped by Michael DiPietro without a rebound.
7:41 of 3rd period - Barclay Goodrow wins face-off versus Joe Pavelski in VANCOUVER VOODOO zone.
8:16 of 3rd period - Shot by Ryan Nugent-Hopkins.
8:16 of 3rd period - Stopped by Michael DiPietro with a rebound.
8:18 of 3rd period - Shot by Ryan Nugent-Hopkins.
8:18 of 3rd period - Shot Misses the Net.
8:20 of 3rd period - Shot by Joe Pavelski.
8:20 of 3rd period - Stopped by Michael DiPietro without a rebound.
8:21 of 3rd period - Vladislav Namestnikov wins face-off versus Nick Bonino in VANCOUVER VOODOO zone.
8:49 of 3rd period - Shot by Nils Hoglander.
8:49 of 3rd period - Shot Misses the Net.
8:51 of 3rd period - Shot by Jordan Harris.
8:51 of 3rd period - Shot Misses the Net.
8:57 of 3rd period - Shot by Alex Newhook.
8:57 of 3rd period - Stopped by Sergei Bobrovsky with a rebound.
8:59 of 3rd period - Shot by Nick Bonino.
8:59 of 3rd period - Shot Misses the Net.
9:15 of 3rd period - Shot by Rafael Harvey-Pinard.
9:15 of 3rd period - Stopped by Sergei Bobrovsky without a rebound.
9:16 of 3rd period - Evander Kane wins face-off versus Joe Pavelski in LAS VEGAS LIZARD KINGS zone.
9:17 of 3rd period - Shot by Barclay Goodrow.
9:17 of 3rd period - Shot Misses the Net.
9:19 of 3rd period - Shot by Damon Severson.
9:19 of 3rd period - Stopped by Sergei Bobrovsky without a rebound.
9:20 of 3rd period - Joe Pavelski wins face-off versus Barclay Goodrow in LAS VEGAS LIZARD KINGS zone.
9:20 of 3rd period - Joe Pavelski is hit by Barclay Goodrow.
9:57 of 3rd period - Matt Roy is hit by Evander Kane.
10:16 of 3rd period - Shot by Jack McBain.
10:16 of 3rd period - Shot Misses the Net.
10:53 of 3rd period - Off-side.
10:54 of 3rd period - Nazem Kadri wins face-off versus Joshua Norris in neutral zone.
11:21 of 3rd period - Off-side.
11:22 of 3rd period - Vladislav Namestnikov wins face-off versus Barclay Goodrow in neutral zone.
11:32 of 3rd period - Minor Penalty to Chris Tanev for High sticking.
11:33 of 3rd period - Nazem Kadri wins face-off versus Nick Bonino in VANCOUVER VOODOO zone.
11:50 of 3rd period - Shot by Johnny Gaudreau.
11:50 of 3rd period - Shot Misses the Net.
11:52 of 3rd period - Shot by Ryan McDonagh.
11:52 of 3rd period - Stopped by Michael DiPietro with a rebound.
11:54 of 3rd period - Shot by Kevin Shattenkirk.
11:54 of 3rd period - Shot Misses the Net.
11:56 of 3rd period - Shot by Ryan McDonagh.
11:56 of 3rd period - Stopped by Michael DiPietro without a rebound.
11:57 of 3rd period - Nick Bonino wins face-off versus Joe Pavelski in VANCOUVER VOODOO zone.
12:14 of 3rd period - Shot by Joe Pavelski.
12:14 of 3rd period - Deflect By Brandon Hagel.
12:14 of 3rd period - Stopped by Michael DiPietro without a rebound.
12:15 of 3rd period - Nazem Kadri wins face-off versus Barclay Goodrow in VANCOUVER VOODOO zone.
13:27 of 3rd period - Shot by Brandon Hagel.
13:27 of 3rd period - Shot Blocked by Damon Severson.
13:43 of 3rd period - Shot by Jonathan Drouin.
13:43 of 3rd period - Shot Misses the Net.
13:55 of 3rd period - Shot by Jonathan Drouin.
13:55 of 3rd period - Stopped by Sergei Bobrovsky with a rebound.
13:57 of 3rd period - Shot by Damon Severson.
13:57 of 3rd period - Stopped by Sergei Bobrovsky without a rebound.
13:58 of 3rd period - Joe Pavelski wins face-off versus Jack McBain in LAS VEGAS LIZARD KINGS zone.
14:03 of 3rd period - Shot by Brandon Hagel.
14:03 of 3rd period - Stopped by Michael DiPietro without a rebound.
14:04 of 3rd period - Nazem Kadri wins face-off versus Jonathan Drouin in VANCOUVER VOODOO zone.
14:08 of 3rd period - Evan Rodrigues is hit by Simon Nemec and loses puck.
14:15 of 3rd period - Shot by Nazem Kadri.
14:15 of 3rd period - Stopped by Michael DiPietro with a rebound.
14:17 of 3rd period - Shot by Matt Roy.
14:17 of 3rd period - Stopped by Michael DiPietro without a rebound.
14:18 of 3rd period - Joe Pavelski wins face-off versus Jack McBain in VANCOUVER VOODOO zone.
14:18 of 3rd period - Minor Penalty to Nicolas Hague for Hooking.
14:19 of 3rd period - Nazem Kadri wins face-off versus Nick Bonino in VANCOUVER VOODOO zone.
14:22 of 3rd period - Shot by Ryan McDonagh.
14:22 of 3rd period - Shot Blocked by Chris Tanev.
16:53 of 3rd period - Shot by Vladislav Namestnikov.
16:53 of 3rd period - Stopped by Michael DiPietro without a rebound.
16:54 of 3rd period - Joe Pavelski wins face-off versus Jack McBain in VANCOUVER VOODOO zone.
17:09 of 3rd period - Shot by Rafael Harvey-Pinard.
17:09 of 3rd period - Stopped by Sergei Bobrovsky with a rebound.
17:11 of 3rd period - Shot by Chris Tanev.
17:11 of 3rd period - Shot Misses the Net.
17:55 of 3rd period - Shot by Nazem Kadri.
17:55 of 3rd period - Stopped by Michael DiPietro without a rebound.
17:56 of 3rd period - Barclay Goodrow wins face-off versus Johnny Gaudreau in VANCOUVER VOODOO zone.
18:03 of 3rd period - Shot by Evander Kane.
18:03 of 3rd period - Deflect By Luke Kunin.
18:03 of 3rd period - Shot Hit the Post.
18:05 of 3rd period - Shot by Luke Kunin.
18:05 of 3rd period - Stopped by Sergei Bobrovsky without a rebound.
18:06 of 3rd period - Zemgus Girgensons wins face-off versus Joshua Norris in LAS VEGAS LIZARD KINGS zone.
18:10 of 3rd period - Off-side.
18:11 of 3rd period - Nick Bonino wins face-off versus Nazem Kadri in neutral zone.
18:16 of 3rd period - Shot by Nick Bonino.
18:16 of 3rd period - Shot Misses the Net.
18:27 of 3rd period - Johnny Gaudreau is hit by Braden Schneider and loses puck.
18:30 of 3rd period - Shot by Johnny Gaudreau.
18:30 of 3rd period - Stopped by Michael DiPietro without a rebound.
18:31 of 3rd period - Barclay Goodrow wins face-off versus Zemgus Girgensons in VANCOUVER VOODOO zone.
18:41 of 3rd period - Barclay Goodrow is hit by Kevin Shattenkirk and loses puck.
19:36 of 3rd period - Icing by Jordan Harris.
19:37 of 3rd period - Barclay Goodrow wins face-off versus Johnny Gaudreau in VANCOUVER VOODOO zone.
Goals for this period are 2 for LAS VEGAS LIZARD KINGS vs 0 for VANCOUVER VOODOO.
Shots for this period are 18 for LAS VEGAS LIZARD KINGS vs 9 for VANCOUVER VOODOO.


VINCE
DUNN
JAMIE
BENN
JONATHAN
DROUIN

EAST COAST

HOCKEY LEAGUE